 Dungeon Crawl Stone Soup version 0.26.0-16-gc1dbca0489 (webtiles) character file.

Game seed: 13736233895974322790

46 Majorwet the Ducker (level 3, 0/32 (35) HPs)
             Began as a Troll Warper on Jan 19, 2021.
             Was an Initiate of Qazlal.
             Slain by nj0rd12's ghost (5 damage)
             ... on level 3 of the Dungeon.
             The game lasted 00:03:50 (438 turns).

Majorwet the Ducker (Troll Warper)                   Turns: 438, Time: 00:03:51

HP:   0/32 (35)     AC:  6    Str: 20    XL:     3   Next: 44%
MP:   4/4           EV: 10    Int:  9    God:    Qazlal [......]
Gold: 20            SH:  0    Dex:  9    Spells: 4/4 levels left

rFire    . . .     SeeInvis .     - Unarmed
rCold    . . .     Faith    .   (no shield)
rNeg     . . .     Spirit   .   a - +0 robe
rPois    .         Reflect  .   (helmet restricted)
rElec    .         Harm     .   (no cloak)
rCorr    .         Rampage  .   (gloves unavailable)
Will     .....                  (boots unavailable)
Stlth    +.........             (no amulet)
HPRegen  0.50/turn              (no ring)
MPRegen  0.09/turn              (no ring)

@: drained
A: large, unfitting armour, claws 3, regeneration 1, shaggy fur 1, tough skin 3
a: Renounce Religion


You were on level 3 of the Dungeon.
You worshipped Qazlal.
Qazlal was noncommittal.
You visited 1 branch of the dungeon, and saw 3 of its levels.

You collected 20 gold pieces.

Inventory:

Armour
 a - a +0 robe (worn)
Scrolls
 b - a scroll of remove curse {unknown}
 c - a scroll of blinking


   Skills:
 + Level 1.9 Fighting
 + Level 1.1 Throwing
 + Level 2.5 Dodging
 + Level 2.3 Unarmed Combat
 + Level 1.4 Spellcasting
 + Level 2.3 Translocations


You had 4 spell levels left.
You didn't know any spells.
Your spell library contained the following spells:

 Spells                   Type           Power        Failure   Level
 Blink                    Tloc           N/A          21%         2
 Gell's Gravitas          Tloc           2%           38%         3
 Lesser Beckoning         Tloc           2%           38%         3
 Teleport Other           Tloc           4%           38%         3
 Passage of Golubria      Tloc           N/A          80%         4


Dungeon Overview and Level Annotations

Branches:
Dungeon (3/15)

Altars:
Qazlal

Annotations:
D:3 nj0rd12's ghost, amateur OgFE


Innate Abilities, Weirdness & Mutations

You are too large for most types of armour.
You have claws for hands.
Your natural rate of healing is unusually fast.
You are covered in fur. (AC +1)
You have extremely tough skin. (AC +3)


Message History

You feel drained.
The bullfrog zombie hits you but does no damage.
You scratch the bullfrog zombie.
You destroy the bullfrog zombie!
Qazlal accepts your kill. Nj0rd12's ghost hits you.
* * * LOW HITPOINT WARNING * * *
You feel drained.
You have reached level 3!
Your experience leads to an increase in your attributes!
Increase (S)trength, (I)ntelligence, or (D)exterity?
You feel stronger. x2
You closely miss nj0rd12's ghost. Nj0rd12's ghost hits you.
* * * LOW HITPOINT WARNING * * *
You feel drained.
* * * LOW HITPOINT WARNING * * *
You claw nj0rd12's ghost!
Nj0rd12's ghost is lightly damaged.
Nj0rd12's ghost hits you.
You die...

## ##### # ..#.#..
#. ##..[!.####.####
.......#......#####
##.....####.........
#.......#...........
###'W'########.#.###
#..@....# ####.#.#
###..#### #....#.#
#.## #†####.# #.#
#.# #.# #.# #.# #.#
#.# #.# #.### #.#
#.# #.... #.#
#.####.... #.###
#.#.......


You could see nj0rd12's ghost.

Vanquished Creatures
  A bullfrog zombie (D:3)
  An adder skeleton (D:3)
  A worm (D:3)
  2 giant cockroaches
  A goblin (D:1)
  2 bats (D:1)
  A frilled lizard (D:3)
  2 rats (D:3)
11 creatures vanquished.

Notes
Turn   | Place    | Note
-------+----------+-------------------------------------------
     0 | D:1      | Majorwet the Troll Warper began the quest for the Orb.
     0 | D:1      | Reached XP level 1. HP: 19/19 MP: 1/1
    66 | D:1      | Reached skill level 1 in Throwing
   292 | D:3      | Reached XP level 2. HP: 24/28 MP: 3/3
   294 | D:3      | Found a stormy altar of Qazlal.
   296 | D:3      | Noticed an earth elemental
   296 | D:3      | Noticed a water elemental
   297 | D:3      | Noticed an air elemental
   297 | D:3      | Noticed a fire elemental
   306 | D:3      | Became a worshipper of Qazlal Stormbringer
   416 | D:3      | Found a runed translucent gate.
   416 | D:3      | Found a runed translucent gate.
   418 | D:3      | Found a runed translucent gate.
   421 | D:3      | Noticed nj0rd12's ghost (amateur OgFE)
   437 | D:3      | Reached XP level 3. HP: 7/33 MP: 4/4
   438 | D:3      | Slain by nj0rd12's ghost

Illustrated notes

Levels and vault maps discovered:
D:1:      elethiomel_arrival_quiet, layout_rooms, minmay_cupped
D:2:      layout_rooms, nicolae_ru_path_of_blood
D:3:      layout_loops_ring, gammafunk_ghost_necromancy, serial_glass,
          glass_columns_a, glass_columns_a, skrybe_limestone_x,
          nicolae_qazlal_style_of_elements

Skill      XL: |  1 |
---------------+----+-----
Throwing       | 1 |  1.1
Dodging        | 2 |  2.5
Fighting       | |  1.9
Unarmed Combat | |  2.3
Spellcasting   | |  1.4
Translocations | |  2.3

Action                   || total
-------------------------++-------
Melee: Unarmed           ||    43
Throw: Boomerang         ||     5
Armor: Robe              ||    80
Dodge: Dodged            ||    97
